AoeStats
← PZ|MBalu

African Clearing

510833485Analyzed
4v4 RM · 1d ago on Oct 2, 2026· 17m 13s· 8 players
Game mode
Random Map
Map size
Large (8 player)
Population
200
Speed
Normal
Resources
Standard
Victory
Conquest
Starting age
Dark Age
Ending age
Imperial Age
RankedLock teamsTeams togetherTeam positionsShared explorationLock speedFull tech treeHidden civsTurbo modeCheats
Victory
Defeat
🇧🇷 Mongols · Brazil
1337
+11
🇺🇸 Huns · United States
1226
+15
🇩🇪 Hindustanis · Germany
1154
+18
🇧🇷 Vietnamese · Brazil
1121
+20
🇭🇺 Spanish · Hungary
1231
-17
🇮🇪 Huns · Ireland
1224
-17
🇨🇴 Koreans · Colombia
1194
-15
🇭🇺 Magyars · Hungary
1189
-15
Chancellor Lizard
5:01 Loom
14:23 Feudal Age
Banik1922
6:20 Loom
13:56 Feudal Age
18:45 Castle Age
PZ|MBalu
14:34 Feudal Age
15:22 Loom
PZ|SlothKing
9:53 Loom
12:28 Feudal Age
16:58 Castle Age
MineirodeOuro
8:54 Loom
11:05 Feudal Age
11:42 Double-Bit Axe
13:49 Forging
15:50 Horse Collar
[LCDR]Zuru
6:03 Loom
12:57 Feudal Age
15:09 Double-Bit Axe
15:57 Double-Bit Axe
18:21 Castle Age
APY_TIAGO
8:13 Loom
14:25 Feudal Age
15:21 Double-Bit Axe
18:24 Castle Age
haki
5:07 Loom
13:41 Feudal Age
14:23 Double-Bit Axe
Connection lost

Rejoining the realm…

Still unreachable

The connection could not be restored.

Session expired

The server has moved on; the page needs a fresh start.